 Dungeon Crawl Stone Soup version 0.28-a0-461-g2dc4ca5 (webtiles) character file.

Game seed: 258459420313705528

2727 Illumine the Covert (level 9, -3/54 HPs)
             Began as a Kobold Enchanter on July 30, 2021.
             Was a Believer of Wu Jian.
             Slain by an unseen horror (9 damage)
             ... on level 8 of the Dungeon on Sept 13, 2021.
             The game lasted 00:15:19 (8600 turns).

Illumine the Covert (Kobold Enchanter)              Turns: 8600, Time: 00:15:19

Health: -3/54      AC:  3    Str:  8    XL:     9   Next: 99%
Magic:  12/15      EV: 17    Int: 16    God:    Wu Jian [**....]
Gold:   479        SH:  0    Dex: 16    Spells: 7/16 levels left

rFire   + . .      SeeInvis .   j - +1 dagger (drain)
rCold   . . .      Faith    .   (shield restricted)
rNeg    . . .      Spirit   .   b - +0 robe
rPois   .          Reflect  .   (no helmet)
rElec   .          Harm     .   f - +0 cloak
rCorr   .          Rampage  .   (no gloves)
Will    .....                   (no boots)
Stlth   ++++++....              (no amulet)
HPRegen 0.18/turn               q - ring of protection from fire
MPRegen 0.14/turn               (no ring)

@: confusing by touch
A: small, no large weapons, nightstalker 3
a: Renounce Religion, Wall Jump


You were on level 8 of the Dungeon.
You worshipped Wu Jian.
Wu Jian was pleased with you.
You visited 2 branches of the dungeon, and saw 9 of its levels.

You collected 479 gold pieces.

Inventory:

Hand Weapons
 a - a +1 dagger
 j - a +1 dagger of draining (weapon)
Missiles
 r - 7 curare-tipped darts
 w - 21 poisoned darts
Armour
 b - a +0 robe (worn)
 f - a +0 cloak (worn)
Jewellery
 q - a ring of protection from fire (left hand)
Scrolls
 h - a scroll of holy word
 l - 2 scrolls of noise
 o - 2 scrolls of enchant armour {unknown}
 p - a scroll of fog {unknown}
 s - a scroll of blinking {unknown}
 t - 2 scrolls of teleportation {unknown}
 u - a scroll of torment {unknown}
 v - a scroll of magic mapping {unknown}
 x - a scroll of summoning
 y - a scroll of acquirement {unknown}
 z - a scroll of enchant weapon {unknown}
Potions
 c - 2 potions of attraction
 d - a potion of invisibility
 e - a potion of mutation
 g - a potion of resistance
 i - 2 potions of haste
 k - a potion of brilliance
 m - a potion of curing
 n - a potion of ambrosia


   Skills:
 + Level 5.0 Fighting
 + Level 8.2 Short Blades
 + Level 6.2 Dodging
 * Level 10.7 Stealth
 + Level 4.4 Spellcasting
 - Level 4.6 Hexes
 - Level 1.3 Ice Magic


You had 7 spell levels left.
You knew the following spells:

 Your Spells              Type           Power      Damage    Failure   Level
a - Corona                Hex            18%        N/A       2%          1
b - Ensorcelled Hibernat  Hex/Ice        26%        N/A       7%          2
c - Confusing Touch       Hex            18%        N/A       8%          3
d - Tukima's Dance        Hex            18%        N/A       8%          3

Your spell library contained the following spells:

 Spells                   Type           Power      Damage    Failure   Level
 Beastly Appendage        Tmut           6%         N/A       16%         1
 Dazzling Flash           Conj/Hex       20%        N/A       19%         3
 Wereblood                Tmut           3%         N/A       24%         2
 Conjure Flame            Conj/Fire      3%         6-21      43%         3
 Ignite Poison            Fire/Tmut/Pois 3%         N/A       43%         3
 Spider Form              Tmut/Pois      1%         N/A       43%         3
 Iskenderun's Mystic Bla  Conj/Tloc      3%         2d3       85%         4
 Sticky Flame             Conj/Fire      3%         2d3       85%         4
 Starburst                Conj/Fire      1%         6d3       100%        6


Dungeon Overview and Level Annotations

Branches:
Dungeon (8/15)             Temple (1/1) D:5
   Lair: D:8-11

Altars:
Ashenzari
Cheibriados
Dithmenos
Elyvilon
Fedhas
Gozag
Hepliaklqana
Kikubaaqudgha
Makhleb
Nemelex Xobeh
Okawaru
Qazlal
Ru
Sif Muna
Trog
Vehumet
Wu Jian
Xom
Yredelemnul
Zin
The Shining One
Lugonu

Shops:
D:5 (

Annotations:
D:4 Edmund


Innate Abilities, Weirdness & Mutations

You are small and have problems with some larger weapons.
You are completely attuned to the shadows.


Message History

Something hits you.
Deactivating autopickup; reactivate with Ctrl-A.
Something hits you.
You spin and attack the orc wizard repeatedly.
You completely miss the orc wizard.
You hit the orc wizard but do no damage.
Something barely misses you. The orc wizard misses you. Something hits you.
Something hits you.
The orc wizard points at you and mumbles some strange words.
You easily resist.
The orc priest looks braver for a moment.
You completely miss something. Something hits you.
You lunge at the orc wizard, in a flurry of attacks.
You barely miss the orc wizard. You closely miss the orc wizard.
Something hits you but does no damage. The orc wizard misses you.
Something hits you! Something barely misses you.
Casting: Ensorcelled Hibernation (safe; 7% risk of failure)
Confirm with . or Enter, or press ? or * to list all spells.
Okay, then.
Okay, then.
Casting: Ensorcelled Hibernation (safe; 7% risk of failure)
Confirm with . or Enter, or press ? or * to list all spells.
Okay, then.
Casting: Ensorcelled Hibernation (safe; 7% risk of failure)
Confirm with . or Enter, or press ? or * to list all spells.
Your hands begin to glow red.
Something hits you. x2
* * * LOW HITPOINT WARNING * * *
The orc priest miscasts a cantrip.
You hit something but do no damage. Something hits you.
* * * LOW HITPOINT WARNING * * *
You hit something but do no damage. Something hits you!
* * * LOW HITPOINT WARNING * * *
Something hits you but does no damage.
You feel better. Something completely misses you. Something barely misses you.
Something hits you.
* * * LOW HITPOINT WARNING * * *
Something hits you!
You die...

#.......###..## #..
#.......###.#########..#
#[......#<.........#..#
#....>..#..........#.#
####.####............#.
#)# #..............#
#.###.####..........#####
#...).).))...........#
##.##.####.@.........# #.
#..# #...........# . #.##
##.########.. #. ##o# ##
#.o# ####.######
......o)..o ........###
........#


You could see an orc priest and an orc wizard.

Vanquished Creatures
  2 water moccasins (D:5)
  Duvessa (D:7)
  2 black bears
  2 ice beasts
  3 ogres
  4 phantoms
  A kobold brigand (D:7)
  A bullfrog (D:7)
  A wyvern zombie (D:5)
  2 scorpions (D:6)
  Dowan (D:7)
  6 killer bees (D:7)
  A jelly (D:6)
  3 hounds
  A bullfrog skeleton (D:5)
  2 orc priests
  Crazy Yiuf (D:2)
  5 iguanas
  Natasha (D:4)
  7 orc wizards
  2 killer bee zombies
  A howler monkey skeleton (D:7)
  9 gnolls
  4 adders
  A white imp (D:7)
  2 ufetubi
  A worm (D:5)
  2 dart slugs
  10 orcs
  2 ball pythons
  6 bats
  11 endoplasms
  5 giant cockroaches
  11 goblins
  4 hobgoblins
  6 jackals (D:1)
  11 kobolds
  3 quokkas
  5 frilled lizards
  6 rats
149 creatures vanquished.

Vanquished Creatures (others)
  A plant (D:5)
1 creature vanquished.

Grand Total: 150 creatures vanquished

Notes
Turn   | Place    | Note
-------+----------+-------------------------------------------
     0 | D:1      | Illumine the Kobold Enchanter began the quest for the Orb.
     0 | D:1      | Reached XP level 1. HP: 10/10 MP: 3/3
   109 | D:1      | Reached XP level 2. HP: 6/15 MP: 1/5
   151 | D:1      | Learned a level 2 spell: Ensorcelled Hibernation
   594 | D:1      | Reached XP level 3. HP: 14/19 MP: 0/6
   726 | D:1      | Found a faded altar of an unknown god.
  1567 | D:2      | Reached XP level 4. HP: 24/24 MP: 7/7
  1574 | D:2      | Learned a level 3 spell: Confusing Touch
  1855 | D:2      | Reached skill level 5 in Stealth
  1860 | D:2      | Found a white marble altar of Elyvilon.
  1989 | D:2      | Found a runed translucent door.
  1992 | D:2      | Noticed Crazy Yiuf
  1998 | D:2      | Killed Crazy Yiuf
  1999 | D:2      | Reached XP level 5. HP: 28/28 MP: 6/9
  3042 | D:3      | Found a burning altar of Makhleb.
  3349 | D:4      | Upgraded the game from 0.28-a0-59-gb16ffaf to
                  | 0.28-a0-461-g2dc4ca5
  3567 | D:4      | Noticed a black bear
  3595 | D:5      | Entered Level 5 of the Dungeon
  3766 | D:5      | Reached skill level 6 in Stealth
  3766 | D:5      | Reached XP level 6. HP: 32/32 MP: 10/10
  3771 | D:5      | Found a sparkling altar of Nemelex Xobeh.
  3879 | D:5      | Noticed a water moccasin
  3880 | D:5      | Found a shadowy altar of Dithmenos.
  3883 | D:5      | Killed a water moccasin
  3884 | D:5      | Reached skill level 1 in Ice Magic
  3915 | D:5      | Noticed a water moccasin
  3921 | D:5      | Killed a water moccasin
  3922 | D:5      | Reached skill level 7 in Stealth
  3922 | D:5      | Reached XP level 7. HP: 25/36 MP: 1/12
  4250 | D:5      | Found a staircase to the Ecumenical Temple.
  4256 | Temple   | Entered the Ecumenical Temple
  4297 | Temple   | Became a worshipper of the Wu Jian Council
  4434 | D:5      | Noticed Edmund
  4445 | D:5      | Found Ynuging's Hydra Hut.
  4449 | D:5      | Noticed a five-headed hydra
  4497 | D:4      | Reached skill level 5 in Short Blades
  4646 | D:4      | Noticed Natasha
  4649 | D:4      | Killed Natasha
  4687 | D:4      | Reached skill level 8 in Stealth
  4687 | D:4      | Reached XP level 8. HP: 37/41 MP: 11/14
  4895 | D:4      | Reached skill level 1 in Fighting
  5819 | D:6      | Reached skill level 9 in Stealth
  6007 | D:6      | Reached XP level 9. HP: 50/50 MP: 15/15
  6319 | D:6      | Reached * piety under Wu Jian
  6580 | D:6      | Found a hazy altar of Hepliaklqana.
  6583 | D:6      | Found a radiant altar of Vehumet.
  6585 | D:6      | Reached skill level 5 in Dodging
  6596 | D:6      | Found an iron altar of Okawaru.
  6596 | D:6      | Found a blossoming altar of Fedhas.
  6598 | D:6      | Found a stormy altar of Qazlal.
  6834 | D:6      | Found a glowing silver altar of Zin.
  7054 | D:7      | Found a basalt altar of Yredelemnul.
  7057 | D:7      | Noticed a profane servitor
  7161 | D:7      | Found a shimmering blue altar of Sif Muna.
  7175 | D:7      | Reached skill level 10 in Stealth
  7399 | D:7      | Learned a level 3 spell: Tukima's Dance
  7514 | D:7      | Found a sacrificial altar of Ru.
  7664 | D:7      | Found a bloodstained altar of Trog.
  8003 | D:7      | Noticed Duvessa
  8006 | D:7      | Noticed Dowan
  8006 | D:7      | Killed Duvessa
  8010 | D:7      | Killed Dowan
  8181 | D:7      | Found a glowing golden altar of the Shining One.
  8184 | D:7      | Noticed an angel
  8263 | D:8      | Reached ** piety under Wu Jian
  8322 | D:8      | Reached skill level 5 in Fighting
  8597 | D:8      | HP: 2/54 [something (7)]
  8600 | D:8      | Slain by an unseen horror

Illustrated notes

Levels and vault maps discovered:
D:1:      dpeg_arrival_concentric_ovals, layout_rooms,
          ebering_ecumenical_altar_webs, minmay_tetromino_s4
D:2:      layout_rooms, basic_altar, roderic_st_hans_cross,
          uniq_crazy_yiuf_cottage
D:3:      layout_loops_ring, lemuel_tele_altar
D:4:      layout_basic, uniq_natasha
D:5:      layout_cave_pools, grunt_dithmenos_smoke_and_mirrors,
          nicolae_overflow_crystal_walls, temple_green, serial_rivers,
          chequers_serial_rivers_large_b, chequers_serial_rivers_micro_d,
          chequers_serial_rivers_micro_b, chequers_serial_rivers_marsh,
          doesnt_shop_hydraphobe, uniq_edmund
D:6:      layout_basic, grunt_temple_overflow_open
D:7:      layout_loops_cross, grunt_temple_overflow_holy_war,
          lemuel_doored_altar, mainiacjoe_overflow_six_doors_small,
          mainiacjoe_overflow_cross_hatched, ebering_dispersal_statue_hall,
          uniq_duvessa
D:8:      layout_rooms, kennysheep_pointless_box
Temple:   corrupted_temple

Skill      XL: |  1  2  3  4  5  6  7  8  9 |
---------------+----------------------------+-----
Short Blades   | 2 3 4 5 6 8 |  8.2
Stealth        | 5 6 7 8 9 10 | 10.7
Spellcasting   | 3 4 |  4.4
Hexes          | 4 |  4.6
Ice Magic      | 1 |  1.3
Fighting       | 3 5 |  5.0
Dodging        | 4 6 |  6.2

Action                   |  1- 3 |  4- 6 |  7- 9 || total
-------------------------+-------+-------+-------++-------
Melee: Dagger            |   108 |    60 |   227 ||   395
 Cast: Corona            |     4 |       |       ||     4
       Ensorcelled Hiber |     4 |    16 |    33 ||    53
       Confusing Touch   |       |     1 |    10 ||    11
Invok: Lunge             |       |       |    40 ||    40
       Whirlwind         |       |       |     3 ||     3
  Use: Scroll            |       |     6 |     4 ||    10
       Potion            |       |       |     2 ||     2
 Stab: Sleeping          |    20 |    36 |    48 ||   104
       Confused          |       |     2 |    11 ||    13
       Distracted        |       |       |     4 ||     4
       Invisible         |       |       |     1 ||     1
Armor: Robe              |    13 |     5 |    13 ||    31
Dodge: Dodged            |    93 |    29 |    88 ||   210

Table legend: (Time is in decaauts)
 A = Elapsed time spent in this place.
 B = Non-inter-level travel time spent in this place.
 C = Inter-level travel time spent in this place.
 D = Time resting spent in this place.
 E = Time spent auto-exploring this place.
 F = Levels seen in this place.
 G = Mean time per level.
                   A        B        C        D        E       F      G
               +--------+--------+--------+--------+--------+-----+--------+
         Total |   8581 |   8342 |    239 |   2082 |   4933 |   9 |  953.4 |
       Dungeon |   8522 |   8306 |    216 |   2082 |   4908 |   8 | 1065.2 |
        Temple |     59 |     36 |     23 |      0 |     24 |   1 |   59.0 |
               +--------+--------+--------+--------+--------+-----+--------+

Top non-repeatable levels by time:
     D:5: 1557 daAuts
     D:1: 1453 daAuts
     D:6: 1269 daAuts
     D:7: 1195 daAuts
     D:3: 995 daAuts
     D:4: 955 daAuts
     D:2: 768 daAuts
     D:8: 327 daAuts
  Temple: 59 daAuts
